 Dungeon Crawl Stone Soup version 0.23-a0-612-gcb482e9 (webtiles) character file.

12770 Mgcat the Thaumaturge (level 11, 0/60 HPs)
             Began as a Deep Elf Air Elementalist on Dec 21, 2018.
             Was a High Priest of Vehumet.
             Slain by a seven-headed hydra (3 damage)
             ... on level 10 of the Dungeon.
             The game lasted 00:32:30 (15362 turns).

Mgcat the Thaumaturge (Deep Elf Air Elementalist)  Turns: 15362, Time: 00:32:31

Health: 0/60       AC: 15    Str:  5    XL:     11   Next: 66%
Magic:  10/29      EV: 17    Int: 24    God:    Vehumet [*****.]
Gold:   617        SH:  4    Dex: 15    Spells: 16/35 levels left

rFire    . . .     SeeInvis .   y - +3 trident (venom)
rCold    . . .     Gourm    .   (no shield)
rNeg     . . .     Faith    .   v - +2 robe {MR+}
rPois    .         Spirit   .   b - +2 helmet
rElec    .         Reflect  +   I - +2 cloak
rCorr    .         Harm     .   j - +0 pair of gloves
MR       +++..                  (no boots)
Stlth    +++.......             F - +4 amulet of reflection
HPRegen  0.20/turn              e - ring of protection from magic {MR+, !d}
MPRegen  0.21/turn              x - +4 ring of protection

@: very slightly contaminated
A: no striking features
a: Renounce Religion


You were on level 10 of the Dungeon.
You worshipped Vehumet.
Vehumet was extremely pleased with you.
You were not hungry.

You visited 1 branch of the dungeon, and saw 11 of its levels.

You collected 617 gold pieces.

Inventory:

Hand Weapons
 y - a +3 trident of venom (weapon)
   (You took it off a gnoll sergeant on level 9 of the Dungeon)
Missiles
 G - 5 throwing nets {=f, !d}
Armour
 b - a +2 helmet (worn)
   (You found it on level 1 of the Dungeon)
 j - a +0 pair of gloves (worn)
   (You found it on level 10 of the Dungeon)
 v - a +2 robe of magic resistance (worn)
   (You found it on level 3 of the Dungeon)
 I - a +2 cloak (worn)
   (You found it on level 8 of the Dungeon)
Jewellery
 e - a ring of protection from magic (left hand) {MR+, !d}
   (You found it on level 1 of the Dungeon)
 n - an uncursed ring of flight {+Fly, !d}
   (You found it on level 1 of the Dungeon)
 p - an uncursed ring of see invisible {sInv, !d}
   (You found it on level 6 of the Dungeon)
 r - an uncursed ring of protection from cold {rC+, !d}
   (You found it on level 5 of the Dungeon)
 x - a +4 ring of protection (right hand)
   (You found it on level 4 of the Dungeon)
 F - a +4 amulet of reflection (around neck)
   (You found it on level 8 of the Dungeon)
Wands
 w - a wand of digging (15)
   (You found it on level 4 of the Dungeon)
 H - a wand of paralysis (9)
   (You took it off Joseph on level 8 of the Dungeon)
Scrolls
 d - 5 scrolls of teleportation
 f - a scroll of fear
 g - 12 scrolls of remove curse
 o - a scroll of identify
 t - 2 scrolls of magic mapping {!r}
Potions
 h - 2 potions of agility
 i - 2 potions of resistance
 k - 2 potions of flight
 l - 3 potions of heal wounds
 m - a potion of invisibility {unknown}
 q - 2 potions of brilliance
 s - a potion of berserk rage {!q}
 u - 3 potions of curing
 z - 2 potions of ambrosia
 A - a potion of haste
 B - a potion of lignification {!q}
Comestibles
 c - 21 rations


   Skills:
 + Level 3.3 Fighting
 + Level 7.2 Dodging
 - Level 5.1 Stealth
 + Level 12.7 Spellcasting
 + Level 10.7 Conjurations
 + Level 2.8 Ice Magic
 + Level 10.2 Air Magic


You had 16 spell levels left.
You knew the following spells:

 Your Spells              Type           Power        Failure   Level  Hunger
a - Shock                 Conj/Air       ####         1%          1    None
b - Swiftness             Chrm/Air       #####...     1%          2    None
c - Airstrike             Air            ######....   1%          4    None
d - Lightning Bolt        Conj/Air       ######....   1%          5    ###....
e - Flame Tongue          Conj/Fire      #####        1%          1    None
f - Freezing Cloud        Conj/Ice/Air   ######....   7%          6    #####..

Your spell library contained the following spells:

 Spells                   Type           Power        Failure   Level  Hunger
 Dazzling Spray           Conj/Hex       #####.       1%          3    None
 Static Discharge         Conj/Air       ######..     1%          3    None
 Ensorcelled Hibernation  Hex/Ice        ###...       3%          2    None
 Corona                   Hex            ###....      4%          1    None
 Confuse                  Hex            ###.....     12%         3    None
 Tukima's Dance           Hex            ###.....     12%         3    None


Dungeon Overview and Level Annotations

Branches:
Dungeon (11/15)            Temple (0/1) D:6            Lair (0/6) D:9
    Orc: D:9-12

Altars:
Ashenzari
Cheibriados
Fedhas
Hepliaklqana
Makhleb
Okawaru
Ru
Trog
Uskayaw
Vehumet
The Shining One

Shops:
D:10 %

Annotations:
D:10 2 runed doors


Message History

You kill the shadow imp!
Vehumet accepts your kill.
You feel your power returning.
No target in view!
No target in view!
No target in view!
HP restored.
Your magical contamination has completely faded away.
Magic restored.
Done exploring.
Done exploring.
Done exploring.
Done exploring.
There is a stone staircase leading down here.
You climb downwards.
An iguana and a hydra come into view.
There is a stone staircase leading up, spattered with blood here.
Unknown command.
Unknown command.
Unknown command.
Unknown command.
Unknown command.
Unknown command.
The seven-headed hydra misses you.
The seven-headed hydra bites you but does no damage.
The seven-headed hydra misses you.
The seven-headed hydra bites you but does no damage.
The seven-headed hydra barely misses you.
The seven-headed hydra bites you. The seven-headed hydra bites you!
You climb upwards.
Level annotation: 2 runed doors
There is a stone staircase leading down here.
Unknown command.
Unknown command.
Unknown command.
Casting: Freezing Cloud (slightly dangerous; 7% risk of failure)
Confirm with . or Enter, or press ? or * to list all spells.
Aiming: Freezing Cloud (slightly dangerous; 7% risk of failure)
Press: ? - help, Dir - move target cursor That beam is likely to hit you.
Continue anyway?
You miscast Freezing Cloud.
You are very lightly contaminated with residual magic.
You hear a crackling sound.
The seven-headed hydra barely misses you.
The seven-headed hydra bites you but does no damage.
You block the seven-headed hydra's attack.
The seven-headed hydra closely misses you.
The seven-headed hydra misses you.
The seven-headed hydra closely misses you.
The seven-headed hydra bites you!
Unknown command.
Unknown command.
Casting: Freezing Cloud (slightly dangerous; 7% risk of failure)
Confirm with . or Enter, or press ? or * to list all spells.
Aiming: Freezing Cloud (slightly dangerous; 7% risk of failure)
Press: ? - help, Dir - move target cursor That beam is likely to hit you.
Continue anyway?
The seven-headed hydra is engulfed in freezing vapours.
The seven-headed hydra seems to slow down.
The seven-headed hydra bites you but does no damage.
The seven-headed hydra completely misses you.
The seven-headed hydra bites you but does no damage.
You block the seven-headed hydra's attack.
The seven-headed hydra barely misses you.
The seven-headed hydra bites you!!
The seven-headed hydra closely misses you.
Unknown command.
Unknown command.
Unknown command.
Unknown command.
Unknown command.
Unknown command.
Casting: Freezing Cloud (slightly dangerous; 7% risk of failure)
Confirm with . or Enter, or press ? or * to list all spells.
Aiming: Airstrike (safe; 1% risk of failure)
Press: ? - help, Dir - move target cursor, f - seven-headed hydra
Aim: a seven-headed hydra (freezing vapour, lightly wounded, slow)
The air twists around and strikes the seven-headed hydra!
The seven-headed hydra is moderately wounded.
Unknown command.
Unknown command.
Unknown command.
Casting: Airstrike (safe; 1% risk of failure)
Confirm with . or Enter, or press ? or * to list all spells.
Aiming: Airstrike (safe; 1% risk of failure)
Press: ? - help, Dir - move target cursor, f/p - seven-headed hydra
Aim: a seven-headed hydra (freezing vapour, moderately wounded, slow)
The air twists around and strikes the seven-headed hydra!
The seven-headed hydra is heavily wounded.
The seven-headed hydra is engulfed in freezing vapours.
The seven-headed hydra seems to slow down.
The seven-headed hydra bites you.
* * * LOW HITPOINT WARNING * * *
The seven-headed hydra barely misses you. x2
The seven-headed hydra bites you.
* * * LOW HITPOINT WARNING * * *
The seven-headed hydra bites you!
* * * LOW HITPOINT WARNING * * *
The seven-headed hydra bites you.
You die...

.#..## ##.'##........######
.###.# ###..##.......# .###.#
##.##.####### ..#..# ##÷##.##
.....# ###'##### #### ######
##.'## #... .# ##.######### #...
## #.##.[.....# ###.
############.##.@.....# #.
..........##.##§D§....##########.
..#............§§§...#......##..#
.###...##......§§§..#...........#
## #....#..........#.......###..#
.# ###...##................##...#
.# ##....................##...#
.## ##..........................
..# #........................#..


You could see a seven-headed hydra.

Vanquished Creatures
  Harold (D:8)
  A two-headed ogre (D:8)
  Pikel (D:6)
  Joseph (D:8)
  3 centaur skeletons
  A spriggan (D:7)
  9 yaks
  A wraith (D:10)
  2 wyverns
  7 humans (D:10)
  3 hungry ghosts
  Menkaure (D:7)
  5 porcupines (D:9)
  Duvessa (D:7)
  3 ice beasts
  A sky beast (D:8)
  6 orc warriors
  A slave (D:7)
  2 ogres
  A phantom (D:7)
  2 black bears (D:9)
  4 centaurs
  2 wolves (D:9)
  4 crocodiles (D:9)
  A big kobold (D:11)
  A gnoll sergeant (D:9)
  10 bullfrogs
  Dowan (D:7)
  A wyvern skeleton (D:9)
  2 scorpions
  7 wights
  A water moccasin skeleton (D:8)
  11 killer bees
  7 howler monkeys
  6 crimson imps
  A centaur zombie (D:5)
  A jelly (D:7)
  A quasit (D:10)
  2 bullfrog zombies
  13 orc priests
  7 hounds
  2 iguanas (D:7)
  14 orc wizards
  7 worker ants
  A hound zombie (D:8)
  A mummy (D:6)
  A worker ant zombie (D:8)
  8 adders
  7 gnolls
  A howler monkey skeleton (D:8)
  3 shadow imps
  An ooze (D:1)
  An adder zombie (D:4)
  An adder skeleton (D:9)
  5 worms
  2 dart slugs
  4 leopard geckos
  67 orcs
  6 bats
  7 giant cockroaches
  4 goblins
  4 hobgoblins
  15 jackals
  4 quokkas
  A ball python (D:2)
  3 frilled lizards
  A jackal skeleton (D:4)
  10 kobolds
  A leopard gecko zombie (D:7)
  A rat (D:3)
319 creatures vanquished.

Vanquished Creatures (others)
  2 slaves (D:7)
  A fungus (D:9)
  A plant (D:9)
4 creatures vanquished.

Grand Total: 323 creatures vanquished

Notes
Turn   | Place    | Note
-------+----------+-------------------------------------------
     0 | D:1      | Mgcat the Deep Elf Air Elementalist began the quest for the
                  | Orb.
     0 | D:1      | Reached XP level 1. HP: 10/10 MP: 6/6
   383 | D:1      | Reached XP level 2. HP: 15/15 MP: 0/8
   387 | D:1      | Learned a level 2 spell: Swiftness
  1061 | D:2      | Reached skill level 3 in Stealth
  1061 | D:2      | Reached XP level 3. HP: 19/19 MP: 3/9
  1136 | D:2      | Found an iron altar of Okawaru.
  1211 | D:2      | Reached skill level 3 in Dodging
  1629 | D:2      | Reached skill level 2 in Conjurations
  1852 | D:3      | Reached XP level 4. HP: 24/24 MP: 6/11
  1887 | D:3      | Learned a level 4 spell: Airstrike
  2378 | D:3      | Noticed a +0 dagger
  2378 | D:3      | Noticed a +0 dagger
  2399 | D:3      | Reached skill level 4 in Spellcasting
  2485 | D:3      | Found a glowing golden altar of the Shining One.
  2564 | D:3      | Reached XP level 5. HP: 13/28 MP: 7/13
  2834 | D:3      | Found a radiant altar of Vehumet.
  2841 | D:3      | Became a worshipper of Vehumet
  2856 | D:3      | Found a hazy altar of Hepliaklqana.
  2967 | D:3      | Found a hide-covered altar of Uskayaw.
  3062 | D:4      | Reached skill level 4 in Stealth
  3175 | D:4      | Learned a level 5 spell: Lightning Bolt
  3207 | D:3      | HP: 3/28 [gnoll/+0 flail (7)]
  3208 | D:3      | Reached skill level 3 in Conjurations
  3208 | D:3      | Reached skill level 4 in Air Magic
  3487 | D:4      | Reached skill level 4 in Dodging
  3487 | D:4      | Reached XP level 6. HP: 14/32 MP: 9/15
  4342 | D:4      | Reached skill level 5 in Spellcasting
  4571 | D:5      | Entered Level 5 of the Dungeon
  4718 | D:5      | Reached * piety under Vehumet
  4718 | D:5      | Offered knowledge of Freeze by Vehumet.
  4848 | D:5      | Reached XP level 7. HP: 36/36 MP: 9/17
  4926 | D:5      | Reached skill level 5 in Stealth
  5019 | D:5      | Got a dazzling ring mail
  5021 | D:5      | Identified the +3 ring mail "Taimorox" {Str+7}
  5088 | D:5      | Identified the +4 ring mail of the Beginning {rN+ Int+4}
                  | (You found it on level 5 of the Dungeon)
  5210 | D:5      | Reached skill level 5 in Dodging
  5210 | D:5      | Reached skill level 4 in Conjurations
  5437 | D:5      | Reached skill level 6 in Spellcasting
  5445 | D:5      | Reached skill level 5 in Air Magic
  5801 | D:6      | Offered knowledge of Flame Tongue by Vehumet.
  5806 | D:6      | Reached XP level 8. HP: 41/41 MP: 6/19
  5811 | D:6      | Learned a level 1 spell: Flame Tongue
  5925 | D:6      | Reached skill level 5 in Conjurations
  6028 | D:6      | Reached ** piety under Vehumet
  6047 | D:6      | Reached skill level 7 in Spellcasting
  6316 | D:6      | Found a snail-covered altar of Cheibriados.
  6367 | D:6      | Found a staircase to the Ecumenical Temple.
  6803 | D:7      | Noticed Pikel
  6937 | D:7      | Reached skill level 6 in Air Magic
  6948 | D:7      | HP: 8/41 [orc warrior/tomahawk (12)]
  7273 | D:7      | Reached skill level 6 in Conjurations
  7377 | D:7      | Reached skill level 8 in Spellcasting
  7728 | D:7      | Offered knowledge of Searing Ray by Vehumet.
  7990 | D:6      | Killed Pikel
  7990 | D:6      | Reached skill level 9 in Spellcasting
  7990 | D:6      | Reached skill level 7 in Conjurations
  7990 | D:6      | Reached skill level 7 in Air Magic
  7990 | D:6      | Reached XP level 9. HP: 45/45 MP: 7/24
  8532 | D:7      | Noticed Duvessa
  8532 | D:7      | Noticed Dowan
  8594 | D:7      | Killed Duvessa
  8595 | D:7      | Killed Dowan
  8847 | D:7      | Found a shattered altar of Ashenzari.
  8848 | D:7      | Noticed Menkaure
  8851 | D:7      | Killed Menkaure
  8851 | D:7      | Reached skill level 10 in Spellcasting
  8851 | D:7      | Reached skill level 8 in Conjurations
  8882 | D:7      | Reached *** piety under Vehumet
  9062 | D:7      | You fall through a shaft!
  9064 | D:8      | Reached skill level 8 in Air Magic
  9086 | D:8      | Noticed Harold
  9571 | D:8      | Offered knowledge of Fulminant Prism by Vehumet.
  9571 | D:8      | Reached XP level 10. HP: 47/50 MP: 0/26
  9796 | D:8      | Found a blossoming altar of Fedhas.
  9799 | D:8      | Found a sacrificial altar of Ru.
  9802 | D:8      | Found a bloodstained altar of Trog.
  9820 | D:8      | Noticed a two-headed ogre
  9822 | D:8      | Noticed Joseph
  9838 | D:8      | Killed a two-headed ogre
  9838 | D:8      | Reached skill level 11 in Spellcasting
  9838 | D:8      | Reached skill level 9 in Conjurations
 10092 | D:8      | Killed Joseph
 10253 | D:8      | Killed Harold
 10253 | D:8      | Reached skill level 9 in Air Magic
 10555 | D:8      | Found a burning altar of Makhleb.
 10733 | D:8      | Reached **** piety under Vehumet
 10929 | D:8      | Reached skill level 1 in Fighting
 11002 | D:9      | Offered knowledge of Iskenderun's Mystic Blast by Vehumet.
 11218 | D:9      | Reached skill level 12 in Spellcasting
 11265 | D:9      | Reached skill level 10 in Conjurations
 11473 | D:9      | Reached skill level 6 in Dodging
 11473 | D:9      | Reached XP level 11. HP: 57/57 MP: 2/29
 11640 | D:9      | Reached skill level 2 in Fighting
 11751 | D:9      | Found a staircase to the Lair.
 12876 | D:10     | Entered Level 10 of the Dungeon
 12957 | D:10     | Found Ubaofaba's Food Boutique.
 13014 | D:10     | Reached ***** piety under Vehumet
 13124 | D:10     | Offered knowledge of Freezing Cloud by Vehumet.
 13133 | D:10     | Learned a level 6 spell: Freezing Cloud
 13424 | D:10     | Found a large runed door.
 13463 | D:10     | Reached skill level 1 in Ice Magic
 14088 | D:10     | Found a runed door.
 14098 | D:10     | Found a runed door.
 14350 | D:10     | Found a runed door.
 14367 | D:10     | Found a runed door.
 14372 | D:10     | Found a runed door.
 14411 | D:10     | Reached skill level 10 in Air Magic
 14486 | D:10     | Reached skill level 2 in Ice Magic
 14503 | D:10     | Reached skill level 3 in Fighting
 14529 | D:10     | Reached skill level 7 in Dodging
 14683 | D:10     | Found a large runed door.
 14717 | D:11     | Noticed a two-headed ogre
 15130 | D:11     | Noticed a skeletal warrior
 15138 | D:11     | Noticed a skeletal warrior
 15140 | D:11     | Noticed a skeletal warrior
 15356 | D:11     | Noticed a seven-headed hydra
 15362 | D:10     | HP: 12/60 [seven-headed hydra (5)]
 15362 | D:10     | HP: 3/60 [seven-headed hydra (9)]
 15362 | D:10     | Slain by a seven-headed hydra

Vault maps used:
D:1:      lemuel_arrival_cross
D:2:      okawaru_ov_weapons_minmay
D:3:      nicolae_overflow_crystal_walls, tso_metal_star, lemuel_round_altar,
          dancing_weapons_uskayaw, first_ration, minmay_misc_feat_nine_boxes
D:4:      kennysheep_doodads, ebering_dispersal_statue_hall, minmay_crossroads
D:6:      slow_altar_1, temple_green, kennysheep_generic_room_8
D:7:      evilmike_ruin_ashenzari, the_bakery, serial_park_tiny_pond,
          minmay_fractal_squares_5, uniq_pikel, uniq_duvessa, uniq_menkaure
D:8:      grunt_temple_overflow_diamond, lightli_temple_of_fire, uniq_harold,
          uniq_joseph
D:9:      minmay_lair_entry_grove, item_on_display_a
D:10:     erik_cavepeople, serial_shops, nicolae_shop_trees
D:11:     serial_shops, nicolae_shop_overgrown_old_shop, basic_altar

Skill      XL: |  1  2  3  4  5  6  7  8  9 10 11 |
---------------+----------------------------------+-----
Stealth        | 3 4 5 |  5.1
Dodging        | 3 4 5 6 7 |  7.2
Conjurations   | 2 3 4 7 8 10 | 10.7
Spellcasting   | 4 5 6 9 10 12 | 12.7
Air Magic      | 4 5 7 8 9 10 | 10.2
Fighting       | 1 3 |  3.3
Ice Magic      | 2 |  2.8

Action                   |  1- 3 |  4- 6 |  7- 9 | 10-12 || total
-------------------------+-------+-------+-------+-------++-------
Melee: Falchion          |       |    16 |    36 |       ||    52
       Trident           |       |       |       |    84 ||    84
 Cast: Shock             |    83 |   211 |   183 |    70 ||   547
       Swiftness         |     1 |       |     2 |     1 ||     4
       Airstrike         |       |       |    72 |   159 ||   231
       Lightning Bolt    |       |       |    15 |    22 ||    37
       Freezing Cloud    |       |       |       |     6 ||     6
       Flame Tongue      |       |       |       |     1 ||     1
  Use: Scroll            |       |       |     9 |    14 ||    23
  Eat: Chunk             |     3 |     9 |    18 |    16 ||    46
       Ration            |       |       |     1 |     2 ||     3
Armor: Robe              |     3 |    18 |    34 |    59 ||   114
Dodge: Dodged            |     9 |    41 |    84 |   134 ||   268
Block: Other             |       |       |    12 |    21 ||    33
       Rpst.: Falchion   |     1 |    12 |    21 |     1 ||    35

Table legend:
 A = Non-vault XP
 B = Vault XP
 C = Vault XP percentage of total XP
 D = Non-vault monster count
 E = Vault monster count
 F = Vault count percentage of total count
                 A         B        C        D         E       F
            +---------+---------+-------+---------+---------+-------
      Total |   10990 |    7254 |  39.8 |     269 |      49 |  15.4
            +---------+---------+-------+---------+---------+-------
        D:1 |      20 |       0 |   0.0 |       9 |       0 |   0.0
        D:2 |      59 |       0 |   0.0 |      14 |       0 |   0.0
        D:3 |     213 |       0 |   0.0 |      35 |       0 |   0.0
        D:4 |     238 |      10 |   4.0 |      22 |       3 |  12.0
        D:5 |     681 |       0 |   0.0 |      26 |       0 |   0.0
        D:6 |     622 |     673 |  52.0 |      23 |       3 |  11.5
        D:7 |    1369 |     797 |  36.8 |      23 |      10 |  30.3
        D:8 |    3180 |    1441 |  31.2 |      40 |       2 |   4.8
        D:9 |    1452 |    1627 |  52.8 |      26 |      13 |  33.3
       D:10 |    1857 |    2706 |  59.3 |      28 |      18 |  39.1
       D:11 |    1299 |       0 |   0.0 |      23 |       0 |   0.0
            +---------+---------+-------+---------+---------+-------

Vault maps used:
D:1:      lemuel_arrival_cross
D:2:      okawaru_ov_weapons_minmay
D:3:      nicolae_overflow_crystal_walls, tso_metal_star, lemuel_round_altar,
          dancing_weapons_uskayaw, first_ration, minmay_misc_feat_nine_boxes
D:4:      kennysheep_doodads, ebering_dispersal_statue_hall, minmay_crossroads
D:6:      slow_altar_1, temple_green, kennysheep_generic_room_8
D:7:      evilmike_ruin_ashenzari, the_bakery, serial_park_tiny_pond,
          minmay_fractal_squares_5, uniq_pikel, uniq_duvessa, uniq_menkaure
D:8:      grunt_temple_overflow_diamond, lightli_temple_of_fire, uniq_harold,
          uniq_joseph
D:9:      minmay_lair_entry_grove, item_on_display_a
D:10:     erik_cavepeople, serial_shops, nicolae_shop_trees
D:11:     serial_shops, nicolae_shop_overgrown_old_shop, basic_altar

Table legend:
 A = Turns spent in this place as a percentage of turns spent in the entire game.
 B = Non-inter-level travel turns spent in this place as a percentage of non-inter-level travel turns spent in the entire game.
 C = Inter-level travel turns spent in this place as a percentage of turns spent in this place.
 D = Turns resting spent in this place as a percentage of non-inter-level travel turns spent in this place.
 E = Turns spent auto-exploring this place as a percentage of non-inter-level travel turns spent in this place.
 F = Non-inter-level travel turns spent in this place divided by the number of levels of this place that you've seen.
                   A       B       C       D       E      F
               +-------+-------+-------+-------+-------+----------------------
         Total | 100.0 | 100.0 |   3.3 |  10.0 |  76.3 | 1349.8
       Dungeon | 100.0 | 100.0 |   3.3 |  10.0 |  76.3 | 1349.8
               +-------+-------+-------+-------+-------+----------------------

Table legend:
 A = Kills in this place as a percentage of kills in entire the game.
 B = Kills by you in this place as a percentage of kills by you in the entire game.
 C = Kills by friends in this place as a percentage of kills by friends in the entire game.
 D = Other kills in this place as a percentage of other kills in the entire game.
 E = Experience gained in this place as a percentage of experience gained in the entire game.
 F = Experience gained in this place divided by the number of levels of this place that you have seen.
                   A       B       C       D       E      F
               +-------+-------+-------+-------+-------+----------------------
         Total | 100.0 | 100.0 |   N/A |   N/A | 100.0 | 1658.5
       Dungeon | 100.0 | 100.0 |   N/A |   N/A | 100.0 | 1658.5
               +-------+-------+-------+-------+-------+----------------------
